 Dungeon Sprint DCSS version 0.30-a0-1112-gfb780f5df6 (webtiles) character file.

Game seed: 16669463430654795792

1152 123456 the Fighter (level 8, -12/85 HPs)
             Began as a Minotaur Fighter on Apr 19, 2023.
             Was an Initiate of Gozag.
             Mangled by a sun demon (19 damage)
             ... summoned by a kobold demonologist
             ... in the Dungeon (Sprint IX: "|||||||||||||||||||||||||||||").
             The game lasted 00:01:03 (408 turns).

123456 the Fighter (Minotaur Fighter)                Turns: 408, Time: 00:01:04

Health: -12/85     AC: 13    Str: 24    XL:     8   Next: 16%
Magic:  7/7        EV: 11    Int:  8    God:    Gozag
Gold:   495        SH:  0    Dex: 12    Spells: 7/7 levels left

rFire   . . .      SeeInvis .    n - +2 dire flail (heavy)
rCold   . . .      Faith    .    (shield currently unavailable)
rNeg    . . .      Spirit   .    b - +1 chain mail
rPois   .          Reflect  .    (helmet restricted)
rElec   .          Rampage  .    (no cloak)
rCorr   .          NoTele   +    a - +0 pair of gloves
Will    .....                    (no boots) Stlth
                                 (no amulet)
HPRegen 0.34/turn                c - +3 ring of intelligence
MPRegen 0.10/turn                o - +3 ring of dexterity

@: gold aura
A: horns 2, retaliatory headbutt
a: Renounce Religion, Potion Petition, Call Merchant, Bribe Branch


You were in the Dungeon.
You worshipped Gozag.
Gozag was aware of your devotion.
You visited 1 branch You collected 495 gold pieces.

Inventory:

Hand Weapons
 n - a +2 heavy dire flail (weapon)
Armour
 a - a +0 pair of gloves (worn)
 b - a +1 chain mail (worn)
Jewellery
 c - a +3 ring of intelligence (left hand)
 o - a +3 ring of dexterity (right hand)
Wands
 m - a wand of quicksilver (10)
Scrolls
 j - 2 scrolls of blinking
 l - 2 scrolls of amnesia
Potions
 d - a potion of might
 e - 4 potions of curing
 f - a potion of heal wounds
 g - a potion of haste
 h - 4 potions of magic
 i - a potion of berserk rage
 k - a potion of invisibility


   Skills:
 * Level 12.9 Fighting
 * Level 12.6 Maces & Flails
 + Level 9.5 Armour
 + Level 8.0 Dodging
 - Level 3.6 Shields


You had 7 spell levels left.
You didn't know any spells.
Your spell library was empty.

Dungeon Overview and Level Annotations

Branches:
Dungeon (1/1)

Altars:
Cheibriados
Dithmenos
Elyvilon
Fedhas
Gozag
Hepliaklqana
Kikubaaqudgha
Makhleb
Nemelex Xobeh
Okawaru
Qazlal
Ru
Sif Muna
Trog
Uskayaw
Vehumet
Wu Jian
Xom
Yredelemnul
Zin
The Shining One
Jiyva
Lugonu


Innate Abilities, Weirdness & Mutations

You have a pair of horns on your head.
You reflexively headbutt those who attack you in melee.


Message History

Your headbutt misses the sun demon.
The sun demon is almost dead.
The sun demon hits you.
You are engulfed in flames!
You hit the sun demon.
The sun demon is almost dead.
The sun demon hits you.
You are engulfed in flames!
* * * LOW HITPOINT WARNING * * *
The sun demon hits you.
* * * LOW HITPOINT WARNING * * *
You are engulfed in flames!
* * * LOW HITPOINT WARNING * * *
You feel much better. The sun demon completely misses you.
You closely miss the sun demon.
The sun demon is almost dead.
The kobold demonologist gestures wildly while chanting.
The sun demon is distracted by your dazzling golden aura.
You catch the helpless sun demon completely off-guard!
You hit the sun demon but do no damage.
The sun demon is no longer distracted by gold.
The sun demon is almost dead.
The sun demon hits you but does no damage.
The sun demon hits you!
* * * LOW HITPOINT WARNING * * *
You are engulfed in flames!
* * * LOW HITPOINT WARNING * * *
The quasit is distracted by your dazzling golden aura.
You feel much better.
The quasit is no longer distracted by gold.
The kobold demonologist is distracted by your dazzling golden aura.
The sun demon hits you!
You are engulfed in flames!!
* * * LOW HITPOINT WARNING * * *
You closely miss the sun demon.
The kobold demonologist shouts!
Your headbutt misses the sun demon.
The sun demon is almost dead.
The sun demon hits you.
* * * LOW HITPOINT WARNING * * *
You are engulfed in flames!!
You die...
Your body crumbles into a pile of gold.

▓.▓
$
▓.▓
▓'▓
$
▓)▓
▓)▓
$
▓.▓
$
▓.▓
$ $
▓.▓
$
▓@▓
$
▓3▓
▓O▓
▓K▓
▓5▓
▓T▓
▓J▓
▓.▓
▓+▓


You could see a slime creature, a two-headed ogre, a sun demon (summoned), a
kobold demonologist, a troll and a quasit (summoned).

Vanquished Creatures
  A cyclops (D)
  A tengu conjurer (D)
  A yak (D)
  An orc warrior (D)
  A centaur (D)
  A kobold brigand (D)
  A gnoll sergeant (D)
  An orc wizard (D)
  2 adders (D)
  A dart slug (D)
  An orc (D)
  2 ball pythons (D)
  An endoplasm (D)
  A quokka (D)
  2 rats (D)
18 creatures vanquished.

Notes
Turn   | Place    | Note
-------+----------+-------------------------------------------
     0 | D        | 123456 the Minotaur Fighter began the quest for the Orb.
     0 | D        | Reached XP level 1. HP: 19/19 MP: 0/0
    10 | D        | Reached skill level 1 in Dodging
    44 | D        | Reached skill level 5 in Fighting
    44 | D        | Reached XP level 2. HP: 29/29 MP: 1/1
    48 | D        | Reached XP level 3. HP: 36/36 MP: 2/2
    53 | D        | Found a snail-covered altar of Cheibriados.
    53 | D        | Found a shadowy altar of Dithmenos.
    53 | D        | Found a white marble altar of Elyvilon.
    53 | D        | Found a blossoming altar of Fedhas.
    53 | D        | Found an opulent altar of Gozag.
    54 | D        | Found a hazy altar of Hepliaklqana.
    55 | D        | Found a viscous altar of Jiyva.
    56 | D        | Found an ancient bone altar of Kikubaaqudgha.
    57 | D        | Found a corrupted altar of Lugonu.
    58 | D        | Found a burning altar of Makhleb.
    59 | D        | Found a sparkling altar of Nemelex Xobeh.
    60 | D        | Found an iron altar of Okawaru.
    61 | D        | Found a stormy altar of Qazlal.
    65 | D        | Became a worshipper of Gozag Ym Sagoz the Greedy
    69 | D        | Found a sacrificial altar of Ru.
    70 | D        | Found a shimmering blue altar of Sif Muna.
    71 | D        | Found a bloodstained altar of Trog.
    72 | D        | Found a hide-covered altar of Uskayaw.
    73 | D        | Found a radiant altar of Vehumet.
    74 | D        | Found an ornate altar of the Wu Jian Council.
    75 | D        | Found a shimmering altar of Xom.
    76 | D        | Found a basalt altar of Yredelemnul.
    77 | D        | Found a glowing silver altar of Zin.
    78 | D        | Found a glowing golden altar of the Shining One.
    86 | D        | Found the +7 lajatang of Order {silver, rMut}
   131 | D        | Noticed an orc warrior
   131 | D        | Noticed a yak
   131 | D        | Noticed a gnoll sergeant
   131 | D        | Noticed a centaur
   131 | D        | Noticed a kobold brigand
   134 | D        | Killed an orc warrior
   135 | D        | Reached skill level 5 in Armour
   135 | D        | Reached XP level 4. HP: 39/48 MP: 3/3
   138 | D        | Killed a yak
   139 | D        | Reached skill level 5 in Dodging
   139 | D        | Reached XP level 5. HP: 26/57 MP: 4/4
   139 | D        | Reached XP level 6. HP: 29/64 MP: 5/5
   144 | D        | Reached skill level 10 in Fighting
   147 | D        | Reached skill level 10 in Maces & Flails
   156 | D        | Reached XP level 7. HP: 34/74 MP: 6/6
   393 | D        | Noticed a cyclops
   393 | D        | Noticed a tengu conjurer
   393 | D        | Noticed a two-headed ogre
   393 | D        | Noticed a kobold demonologist
   393 | D        | Noticed a troll
   393 | D        | Noticed a slime creature
   398 | D        | Killed a cyclops
   399 | D        | Noticed a sun demon
   399 | D        | Killed a tengu conjurer
   400 | D        | Reached XP level 8. HP: 59/85 MP: 7/7
   408 | D        | Mangled by a sun demon

Illustrated notes

Levels and vault maps discovered:
D:        linesprint [early_d, line_temple, items_1, d_10, items_2, lair_1,
          lair_end, items_3, orc_1, orc_end, items_4, d_15, swamp_1, shoals_1,
          snake_1, spider_1, d_20, vaults_1, items_5, swamp_end, shoals_end,
          snake_end, spider_end, vaults_end, d_27, items_6, zot_1, zot_end,
          crypt_end, forest_end, elf_end, slime_end, tomb_end, abyss_end,
          pan_hell_end]

Skill      XL: |  1  2  3  4  5  6  7 |
---------------+----------------------+-----
Fighting       | 5 7 9 11 12 | 12.9
Maces & Flails | 4 7 9 10 12 | 12.6
Dodging        | 2 4 5 6 8 |  8.0
Armour         | 4 5 7 8 9 |  9.5
Shields        | |  3.6

Action                     |  1- 3 |  4- 6 |  7- 9 || total
---------------------------+-------+-------+-------++-------
  Melee: Flail             |    19 |       |       ||    19
         Headbutt          |     1 |     3 |       ||     4
         Dire flail        |     2 |    16 |    10 ||    28
    Use: Potion            |       |     1 |     2 ||     3
   Stab: Distracted        |       |       |     1 ||     1
 Armour: Scale mail        |     9 |       |       ||     9
         Chain mail        |     1 |    16 |     3 ||    20
  Dodge: Dodged            |     5 |    11 |     7 ||    23
  Block: Buckler           |     3 |       |       ||     3

Table legend: (Time is in decaauts)
 A = Elapsed time spent in this place.
 B = Non-inter-level travel time spent in this place.
 C = Inter-level travel time spent in this place.
 D = Time resting spent in this place.
 E = Time spent auto-exploring this place.
 F = Levels seen in this place.
 G = Mean time per level.
                   A        B        C        D        E       F      G
               +--------+--------+--------+--------+--------+-----+--------+
         Total |    423 |    423 |      0 |    218 |     32 |   1 |  423.0 |
       Dungeon |    423 |    423 |      0 |    218 |     32 |   1 |  423.0 |
               +--------+--------+--------+--------+--------+-----+--------+

Top non-repeatable levels by time:
       D: 423 daAuts
